 Dungeon Crawl Stone Soup version 0.23.2-1-ga50397a (webtiles) character file.

Game seed: 9888896362048391614

2919 erloom the Changer (level 9, -8/66 HPs)
             Began as a Gnoll Wanderer on Apr 24, 2019.
             Was a Priest of Cheibriados.
             Mangled by a red ugly thing (19 damage)
             ... on level 7 of the Dungeon.
             The game lasted 00:32:43 (8414 turns).

erloom the Changer (Gnoll Wanderer)                 Turns: 8414, Time: 00:32:44

Health: -8/66      AC: 19    Str: 16    XL:     9   Next: 79%
Magic:  0/15       EV: 11    Int: 29    God:    Cheibriados [***...]
Gold:   201        SH: 10    Dex: 22    Spells: 13/17 levels left

rFire    . . .     SeeInvis .   a - +2 flail (drain)
rCold    . . .     Gourm    .   p - +0 shield
rNeg     . . .     Faith    .   B - +10 scale mail of Gallantry {Int+2}
rPois    +         Spirit   +   (no helmet)
rElec    .         Reflect  .   A - scarf {Spirit}
rCorr    .         Harm     .   s - +0 pair of gloves
MR       .....                  m - +0 pair of boots
Stlth    ++........             e - amulet of guardian spirit
HPRegen  0.21/turn              j - ring of poison resistance
MPRegen  0.14/turn              (no ring)

@: about to teleport, very slow
A: distributed training, fangs 1, strong nose
a: Bend Time, Temporal Distortion, Renounce Religion


You were on level 7 of the Dungeon.
You worshipped Cheibriados.
Cheibriados was most pleased with you.
You were not hungry.

You visited 1 branch of the dungeon, and saw 7 of its levels.

You collected 408 gold pieces.
You spent 207 gold pieces at shops.

Inventory:

Hand Weapons
 a - a +2 flail of draining (weapon)
 b - a +0 hunting sling
 d - a +0 whip of flaming
 i - a +0 blowgun
 x - a +2 short sword of protection
Missiles
 k - 158 stones (quivered)
 l - 123 arrows
 n - 4 tomahawks
 u - 2 poisoned needles
 v - 50 sling bullets
Armour
 m - a +0 pair of boots (worn)
 p - a +0 shield (worn)
 s - a +0 pair of gloves (worn)
 y - a +1 chain mail of fire resistance
 A - a scarf of spirit shield (worn)
 B - the +10 scale mail of Gallantry (worn) {Int+2}
   (You bought it in a shop on level 6 of the Dungeon)

   It affects your intelligence (+2).
Jewellery
 e - an amulet of guardian spirit (around neck)
 j - a ring of poison resistance (left hand)
Scrolls
 c - a scroll of identify
 h - 3 scrolls of immolation
 q - 3 scrolls of remove curse
 w - 2 scrolls of fog
Potions
 g - a potion of brilliance
 o - a potion of magic
 r - 4 potions of curing
 t - a potion of mutation
Comestibles
 f - 14 rations


   Skills:
 + Level 4.5 Fighting
 + Level 4.5 Short Blades
 + Level 4.5 Long Blades
 + Level 4.5 Axes
 + Level 4.5 Maces & Flails
 + Level 4.5 Polearms
 + Level 4.5 Staves
 + Level 4.5 Slings
 + Level 4.5 Bows
 + Level 4.5 Crossbows
 + Level 4.5 Throwing
 + Level 4.5 Armour
 + Level 4.5 Dodging
 + Level 5.1 Stealth
 + Level 5.2 Shields
 + Level 4.5 Unarmed Combat
 + Level 4.5 Spellcasting
 + Level 3.7 Conjurations
 + Level 3.7 Hexes
 + Level 3.7 Charms
 + Level 3.7 Summonings
 + Level 6.7 Necromancy
 + Level 5.4 Translocations
 + Level 6.7 Transmutations
 + Level 3.7 Fire Magic
 + Level 3.7 Ice Magic
 + Level 3.7 Air Magic
 + Level 3.7 Earth Magic
 + Level 3.7 Poison Magic
 + Level 5.0 Invocations
 + Level 4.5 Evocations


You had 13 spell levels left.
You knew the following spells:

 Your Spells              Type           Power        Failure   Level  Hunger
a - Blink                 Tloc           N/A          13%         2    None
b - Shroud of Golubria    Chrm/Tloc      ####......   19%         2    None

Your spell library contained the following spells:

 Spells                   Type           Power        Failure   Level  Hunger
 Gell's Gravitas          Tloc           #####.....   26%         3    #......
 Lesser Beckoning         Tloc           #####.....   26%         3    #......
 Teleport Other           Tloc           #####...     26%         3    #......
 Passage of Golubria      Tloc           N/A          63%         4    ###....
 Bolt of Magma            Conj/Fire/Erth ####......   99%         5    #####..
 Iskenderun's Battlesphe  Conj/Chrm      ####....     99%         5    #####..
 Venom Bolt               Conj/Pois      ####......   99%         5    #####..
 Iron Shot                Conj/Erth      ####......   100%        6    ######.
 Orb of Destruction       Conj           ####......   100%        7    #######
 Spellforged Servitor     Conj/Summ      ####......   100%        7    #######


Dungeon Overview and Level Annotations

Branches:
Dungeon (7/15)             Temple (0/1) D:5

Altars:
Cheibriados
Kikubaaqudgha
Ru
Trog
Uskayaw
Vehumet

Shops:
D:6 [

Annotations:
D:7 1 exclusion


Innate Abilities, Weirdness & Mutations

Your experience applies equally to all skills.
You have very sharp teeth.
Your uncanny sense of smell can sniff out nearby items.


Message History

The red ugly thing punches you but does no damage.
You sock the red ugly thing!
The red ugly thing is lightly wounded.
The red ugly thing punches you.
You are engulfed in flames!
You barely miss the red ugly thing.
The red ugly thing is lightly wounded.
The red ugly thing punches you.
You are engulfed in flames!
The red ugly thing punches you.
You are engulfed in flames!!
* * * LOW HITPOINT WARNING * * *
As you read the scroll of fear, it crumbles to dust.
You assume a fearsome visage.
The red ugly thing looks frightened!
Cornered, the red ugly thing turns to fight!
You aren't carrying any items that you can evoke.
Unknown command.
As you read the scroll of teleportation, it crumbles to dust.
You feel strangely unstable.
You fail to use your ability.
The red ugly thing punches you.
* * * LOW HITPOINT WARNING * * *
You are engulfed in flames!!
You die...

#.......#
#.......#
#.......#
#.##.####'##
#....u.....#
#####.###..#######
#.# #.........
#######.#
#....#####
#..@u...# ####.#
#.####### #.. #
###. .# # ∆


You could see a red ugly thing.

Vanquished Creatures
  Pikel (D:6)
  Menkaure (D:7)
  Edmund (D:6)
  2 water moccasins (D:7)
  2 orc warriors (D:7)
  An ice beast (D:7)
  2 slaves (D:6)
  2 phantoms
  A necrophage (D:7)
  A centaur (D:5)
  A big kobold (D:6)
  A wyvern zombie (D:7)
  4 bullfrogs
  4 killer bees (D:7)
  3 howler monkeys
  A crimson imp (D:6)
  A centaur skeleton (D:4)
  A hound (D:7)
  A jelly (D:5)
  Crazy Yiuf (D:6)
  3 orc priests
  Terence (D:2)
  An iguana (D:7)
  5 orc wizards
  8 worker ants
  A gnoll (D:1)
  11 adders
  An ooze (D:2)
  An adder skeleton (D:4)
  3 worms
  5 leopard geckos
  14 orcs
  2 giant cockroaches
  5 goblins
  5 hobgoblins
  7 jackals
  A quokka (D:6)
  A ball python (D:4)
  5 bats
  3 frilled lizards
  11 kobolds
  3 rats (D:2)
129 creatures vanquished.

Vanquished Creatures (others)
  2 killer bees (D:7)
  An adder zombie (D:7)
  A kobold (D:7)
4 creatures vanquished.

Grand Total: 133 creatures vanquished

Notes
Turn   | Place    | Note
-------+----------+-------------------------------------------
     0 | D:1      | erloom the Gnoll Wanderer began the quest for the Orb.
     0 | D:1      | erloom set off with the following items: a +0 dagger, a
                  | potion of lignification, a scroll of teleportation, a +0
                  | robe, a ration; and the following spells available to
                  | memorise: Blink, Gell's Gravitas, Lesser Beckoning,
                  | Teleport Other, Shroud of Golubria, Passage of Golubria
     0 | D:1      | Reached XP level 1. HP: 13/13 MP: 1/1
   751 | D:1      | Reached XP level 2. HP: 10/19 MP: 2/2
  1591 | D:2      | Found a snail-covered altar of Cheibriados.
  1609 | D:2      | Reached XP level 3. HP: 25/25 MP: 3/3
  1799 | D:2      | Became a worshipper of Cheibriados the Contemplative
  1916 | D:2      | Noticed Terence
  1966 | D:2      | Killed Terence
  1966 | D:2      | Reached skill level 1 in Fighting
  1966 | D:2      | Reached skill level 1 in Short Blades
  1966 | D:2      | Reached skill level 1 in Long Blades
  1966 | D:2      | Reached skill level 1 in Axes
  1966 | D:2      | Reached skill level 1 in Maces & Flails
  1966 | D:2      | Reached skill level 1 in Polearms
  1966 | D:2      | Reached skill level 1 in Staves
  1966 | D:2      | Reached skill level 1 in Slings
  1966 | D:2      | Reached skill level 1 in Bows
  1966 | D:2      | Reached skill level 1 in Crossbows
  1966 | D:2      | Reached skill level 1 in Throwing
  1966 | D:2      | Reached skill level 1 in Armour
  1966 | D:2      | Reached skill level 1 in Dodging
  1966 | D:2      | Reached skill level 1 in Unarmed Combat
  1966 | D:2      | Reached skill level 1 in Spellcasting
  1966 | D:2      | Reached skill level 1 in Invocations
  1966 | D:2      | Reached skill level 1 in Evocations
  1966 | D:2      | Reached XP level 4. HP: 26/32 MP: 3/5
  2226 | D:2      | Found a sacrificial altar of Ru.
  2669 | D:3      | Reached skill level 1 in Conjurations
  2669 | D:3      | Reached skill level 1 in Hexes
  2669 | D:3      | Reached skill level 1 in Charms
  2669 | D:3      | Reached skill level 1 in Summonings
  2669 | D:3      | Reached skill level 1 in Fire Magic
  2669 | D:3      | Reached skill level 1 in Ice Magic
  2669 | D:3      | Reached skill level 1 in Air Magic
  2669 | D:3      | Reached skill level 1 in Earth Magic
  2669 | D:3      | Reached skill level 1 in Poison Magic
  2778 | D:3      | Reached XP level 5. HP: 26/37 MP: 6/6
  3215 | D:3      | Reached * piety under Cheibriados
  4071 | D:4      | Reached XP level 6. HP: 37/44 MP: 8/8
  4246 | D:4      | Reached ** piety under Cheibriados
  4283 | D:4      | Noticed an orc warrior
  4315 | D:4      | HP: 2/44 [orc/+0 glaive (9)]
  4685 | D:4      | Found a bloodstained altar of Trog.
  4884 | D:4      | Identified the +1 plate armour of the Doldrums {*Drain rN+
                  | Dex+7 SInv}
  5382 | D:5      | Entered Level 5 of the Dungeon
  5392 | D:5      | Found a staircase to the Ecumenical Temple.
  5425 | D:5      | Reached XP level 7. HP: 32/50 MP: 7/10
  6614 | D:6      | Noticed Edmund
  6679 | D:6      | Killed Edmund
  6715 | D:6      | Found Niaker's Antique Armour Shop.
  6758 | D:6      | Reached XP level 8. HP: 15/57 MP: 0/12
  7021 | D:6      | Found a runed translucent door.
  7022 | D:6      | Noticed Crazy Yiuf
  7067 | D:6      | Bought an ichor-stained scale mail for 207 gold pieces
  7077 | D:6      | Identified the +10 scale mail of Gallantry {Int+2} (You
                  | bought it in a shop on level 6 of the Dungeon)
  7166 | D:6      | Noticed Pikel
  7202 | D:6      | Killed Pikel
  7503 | D:6      | Killed Crazy Yiuf
  7637 | D:6      | Learned a level 2 spell: Blink
  7640 | D:6      | Learned a level 2 spell: Shroud of Golubria
  7742 | D:7      | Reached XP level 9. HP: 65/65 MP: 14/14
  7774 | D:7      | Reached skill level 5 in Translocations
  7778 | D:7      | Found a radiant altar of Vehumet.
  7977 | D:7      | Noticed Menkaure
  7984 | D:7      | Killed Menkaure
  7997 | D:7      | Noticed a troll
  8070 | D:7      | Reached skill level 5 in Shields
  8171 | D:7      | Reached skill level 5 in Stealth
  8188 | D:7      | Reached *** piety under Cheibriados
  8325 | D:7      | Found an ancient bone altar of Kikubaaqudgha.
  8325 | D:7      | Found a hide-covered altar of Uskayaw.
  8372 | D:7      | Reached skill level 5 in Invocations
  8392 | D:7      | Noticed a red ugly thing
  8414 | D:7      | Mangled by a red ugly thing

Skill      XL: |  1  2  3  4  5  6  7  8  9 |
---------------+----------------------------+-----
Fighting       | 1 2 3 4 |  4.5
Short Blades   | 1 2 3 4 |  4.5
Long Blades    | 1 2 3 4 |  4.5
Axes           | 1 2 3 4 |  4.5
Maces & Flails | 1 2 3 4 |  4.5
Polearms       | 1 2 3 4 |  4.5
Staves         | 1 2 3 4 |  4.5
Slings         | 1 2 3 4 |  4.5
Bows           | 1 2 3 4 |  4.5
Crossbows      | 1 2 3 4 |  4.5
Throwing       | 1 2 3 4 |  4.5
Armour         | 1 2 3 4 |  4.5
Dodging        | 1 2 3 4 |  4.5
Unarmed Combat | 1 2 3 4 |  4.5
Spellcasting   | 1 2 3 4 |  4.5
Invocations    | 1 2 3 4 5 |  5.0
Evocations     | 1 2 3 4 |  4.5
Conjurations   | 1 2 3 |  3.7
Hexes          | 1 2 3 |  3.7
Charms         | 1 2 3 |  3.7
Summonings     | 1 2 3 |  3.7
Fire Magic     | 1 2 3 |  3.7
Ice Magic      | 1 2 3 |  3.7
Air Magic      | 1 2 3 |  3.7
Earth Magic    | 1 2 3 |  3.7
Poison Magic   | 1 2 3 |  3.7
Shields        | 3 4 5 |  5.2
Translocations | 4 5 |  5.4
Stealth        | 3 4 5 |  5.1
Necromancy     | 6 |  6.7
Transmutations | 6 |  6.7

Action                   |  1- 3 |  4- 6 |  7- 9 || total
-------------------------+-------+-------+-------++-------
Melee: Dagger            |    76 |       |       ||    76
       Bite              |    14 |    34 |    73 ||   121
       Spear             |    92 |       |       ||    92
       Punch             |     1 |     1 |       ||     2
       Short sword       |       |   301 |   212 ||   513
       Hunting sling     |       |     1 |       ||     1
       Flail             |       |       |   302 ||   302
 Fire: Hunting sling     |       |    34 |    21 ||    55
Throw: Stone             |       |     2 |    11 ||    13
Invok: Bend Time         |     1 |     3 |     9 ||    13
  Use: Scroll            |       |     9 |     8 ||    17
       Potion            |       |     3 |     1 ||     4
  Eat: Chunk             |     3 |     4 |     8 ||    15
       Ration            |       |     1 |       ||     1
Armor: Chain mail        |    93 |   200 |       ||   293
       Robe              |     5 |       |       ||     5
       Plate armour      |       |    14 |   131 ||   145
       Skin              |       |       |     9 ||     9
       Scale mail        |       |       |   120 ||   120
Dodge: Dodged            |    49 |    94 |   118 ||   261
Block: Shield            |       |     9 |   212 ||   221
